Map: Jagannatha LE

Players

PiLiPiLi - Winner!

  • Race: Protoss Protoss
  • League: Grandmaster
  • Spawn Location: 7:00

Nina

  • Race: Protoss Protoss
  • League: Grandmaster
  • Spawn Location: 1:00

Event: DreamHack SC2 Masters 2020 Winter

VOD

Have the link to the VOD?

Description

Time

  • Played on: Oct. 27, 2020, 4:58 p.m.
  • Length: 9:09

All games in this series

Show
View Real Time Build Order
Export as new Build Order

PiLiPiLi Protoss - Winner!

Build Orders:  

Get SALT Encoding   

  12  0:00  Probe  
  13  0:12  Probe  
  14  0:17  Pylon  
  14  0:25  Probe (Chrono Boost)  
  15  0:37  Probe (Chrono Boost)  
  15  0:38  Gateway  
  16  0:45  Probe (Chrono Boost)  
  16  0:47  Assimilator  
  17  0:51  Probe  
  17  0:55  Assimilator  
  18  1:03  Probe (Chrono Boost)  
  19  1:09  Gateway  
  19  1:15  Probe (Chrono Boost)  
  20  1:23  Probe (Chrono Boost)  
  20  1:25  Cybernetics Core  
  21  1:29  Probe  
  22  1:36  Pylon  
  22  1:41  Probe  
  23  1:54  Probe  
  24  1:58  Warp Gate (Chrono Boost)  
  24  2:01  Adept x2  
  28  2:11  Probe  
  28  2:14  Pylon  
  29  2:23  Probe  
  30  2:34  Adept x2  
  33  2:38  Probe  
  34  2:44  Shield Battery  
  34  2:50  Probe  
  35  2:52  Shield Battery  
  35  3:06  Adept x2  
  39  3:21  Nexus  
  39  3:28  Pylon  
  39  3:44  Robotics Facility  
  39  3:47  Sentry x2  
  43  3:49  Probe  
  44  3:59  Pylon  
  40  4:24  Probe  
  35  4:29  Immortal (Chrono Boost)  
  35  4:30  Stalker, Sentry  
  37  4:34  Probe  
  37  4:36  Probe  
  43  4:42  Phoenix  
  43  4:46  Probe  
  44  4:58  Immortal (Chrono Boost)  
  44  4:59  Stalker, Sentry  
  52  5:04  Gateway  
  52  5:07  Gateway  
  52  5:13  Gateway  
  52  5:17  Gateway  
  52  5:26  Warp Prism (Chrono Boost)  
  54  5:39  Stalker x2  
  58  5:49  Probe x2  
  60  5:51  Pylon  
  60  6:01  Probe  
  59  6:06  Stalker x3  
  65  6:24  Adept x2  
  65  6:25  Adept  
  71  6:31  Adept  
  71  6:32  Adept x2  
  75  6:45  Adept  
  77  6:49  Pylon  
  73  7:00  Adept x2  
  69  7:05  Adept x3  
  63  7:27  Stalker x5  
  63  7:29  Warp Prism (Chrono Boost)  
  59  7:31  Stalker  
  59  7:32  Stalker x5  
  59  7:55  Stalker  
  59  7:56  Zealot x3  
  59  7:58  Immortal (Chrono Boost)  
  67  8:03  Stalker  
  73  8:24  Zealot x2, Observer (Chrono Boost)  
  73  8:25  Zealot x2  
  82  8:27  Stalker  
  76  8:59  Stalker x4  
Show
View Real Time Build Order
Export as new Build Order

Nina Protoss 

Build Orders: Blink Stalkers 

Get SALT Encoding   

  12  0:00  Probe  
  13  0:12  Probe  
  14  0:17  Pylon  
  14  0:24  Probe (Chrono Boost)  
  15  0:36  Probe (Chrono Boost)  
  15  0:39  Gateway  
  16  0:45  Probe (Chrono Boost)  
  16  0:47  Assimilator  
  17  0:51  Probe  
  17  0:55  Assimilator  
  18  1:03  Probe (Chrono Boost)  
  19  1:13  Gateway, Probe (Chrono Boost)  
  19  1:17  Probe (Chrono Boost)  
  21  1:26  Cybernetics Core  
  21  1:29  Probe  
  22  1:35  Pylon  
  22  1:41  Probe  
  23  1:56  Probe  
  24  2:02  Stalker  
  24  2:03  Stalker, Warp Gate  
  24  2:08  Probe  
  29  2:15  Pylon  
  29  2:35  Stalker  
  29  2:36  Stalker  
  32  2:40  Probe  
  33  2:57  Nexus  
  33  3:02  Probe  
  34  3:08  Sentry x2  
  38  3:19  Shield Battery  
  38  3:24  Twilight Council  
  38  3:27  Probe  
  38  3:34  Pylon  
  39  3:52  Stalker x2, Probe  
  44  3:58  Blink (Chrono Boost)  
  44  4:06  Probe  
  45  4:16  Probe  
  42  4:20  Stalker  
  42  4:28  Forge, Probe  
  43  4:34  Probe  
  44  4:43  Robotics Facility  
  43  4:46  Probe  
  43  4:47  Probe  
  45  4:57  Sentry  
  48  5:00  Photon Cannon, Probe (Chrono Boost)  
  48  5:02  Probe (Chrono Boost)  
  49  5:13  Probe (Chrono Boost)  
  51  5:15  Probe (Chrono Boost)  
  51  5:18  Probe (Chrono Boost)  
  52  5:22  Photon Cannon, Probe  
  52  5:25  Stalker  
  52  5:28  Probe  
  56  5:29  Stalker  
  56  5:32  Observer (Chrono Boost)  
  56  5:34  Probe  
  60  5:40  Probe  
  60  5:41  Pylon  
  61  5:44  Gateway  
  61  5:49  Protoss Ground Weapons Level 1  
  61  5:51  Gateway  
  61  5:57  Assimilator  
  61  5:58  Assimilator  
  59  6:04  Stalker  
  59  6:08  Shield Battery  
  59  6:10  Shield Battery  
  59  6:11  Photon Cannon  
  61  6:17  Stalker  
  63  6:20  Pylon  
  63  6:32  Sentry  
  65  6:36  Assimilator  
  61  6:42  Stalker x2  
  61  6:45  Photon Cannon  
  61  6:46  Pylon  
  61  6:47  Stalker  
  63  7:02  Stalker  
  59  7:09  Zealot x2  
  59  7:13  Stalker  
  45  7:25  Stalker  
  28  7:33  Stalker x2  
  28  7:36  Probe  
  28  7:37  Probe  
  32  7:41  Stalker  
  34  7:49  Probe x2 (Chrono Boost)  
  38  7:58  Probe x2 (Chrono Boost)  
  38  8:00  Robotics Bay  
  38  8:03  Probe x2 (Chrono Boost)  
  40  8:11  Stalker  
  42  8:15  Probe  
  44  8:20  Stalker  
  44  8:25  Stalker  
  47  8:32  Stalker  
  49  8:35  Probe  
  49  8:38  Probe  
  51  8:46  Stalker  
  48  8:57  Stalker  
  34  9:05  Stalker  
Tags
 
Add a new tag
Caveats
  • Supply blocks, unpowered buildings, or Contaminate may cause inaccurate times.
  • Supply counts are checked every 10 seconds.